 Dungeon Crawl Stone Soup version 0.29-a0-275-g389c0b56f3 (webtiles) character file.

Game seed: 16601012836406588458

98 sammy202020 the Twirler (level 4, 34/34 HPs)
             Began as a Demonspawn Gladiator on Mar 13, 2022.
             Quit the game on level 3 of the Dungeon.
             The game lasted 00:05:04 (2434 turns).

sammy202020 the Twirler (Demonspawn Gladiator)      Turns: 2434, Time: 00:05:05

Health: 34/34      AC: 11    Str: 15    XL:     4   Next: 44%
Magic:  4/4        EV:  5    Int: 17    God:
Gold:   83         SH:  0    Dex: 14    Spells: 3/3 levels left

rFire   . . .      SeeInvis .   a - +0 quarterstaff
rCold   . . .      Faith    .   (shield currently unavailable)
rNeg    . . .      Spirit   .   q - +0 plate armour
rPois   .          Reflect  .   (helmet restricted)
rElec   .          Harm     .   (no cloak)
rCorr   .          Rampage  .   (no gloves)
Will    .....                   s - +0 pair of boots
Stlth   ..........              (no amulet)
HPRegen 0.11/turn               l - +6 ring of intelligence
MPRegen 0.09/turn               (no ring)

@: no status effects
A: antennae 1, powered by death 1
a: no special abilities


You were on level 3 of the Dungeon.
You visited 1 branch of the dungeon, and saw 3 of its levels.

You collected 83 gold pieces.

Inventory:

Hand Weapons
 a - a +0 quarterstaff (weapon)
Missiles
 d - 3 throwing nets (quivered)
 e - a javelin
 f - 5 silver boomerangs
 h - 9 poisoned darts
Armour
 c - a +0 helmet
 k - a +0 ring mail
 q - a +0 plate armour (worn)
 s - a +0 pair of boots (worn)
Jewellery
 l - a +6 ring of intelligence (left hand)
Scrolls
 b - 2 scrolls of enchant weapon {unknown}
 i - 4 scrolls of identify {unknown}
 j - 3 scrolls of enchant armour {unknown}
 o - a scroll of torment {unknown}
 p - a scroll of blinking {unknown}
 r - a scroll of magic mapping {unknown}
Potions
 g - a potion of lignification {unknown}
 m - a potion of haste {unknown}
 n - a potion of invisibility {unknown}


   Skills:
 * Level 2.9 Fighting
 * Level 3.4 Staves
 - Level 1.7 Throwing
 * Level 1.7 Armour
 + Level 3.1 Dodging


You had 3 spell levels left.
You didn't know any spells.
Your spell library contained the following spells:

 Spells                   Type           Power      Damage    Failure   Level
 Sandblast                Erth           0%         2d4       100%        1
 Passwall                 Tmut/Erth      0%         N/A       100%        2
 Dazzling Flash           Conj/Hex       0%         N/A       100%        3
 Stone Arrow              Conj/Erth      0%         3d7       100%        3
 Iskenderun's Mystic Bla  Conj/Tloc      0%         2d3       100%        4
 Starburst                Conj/Fire      0%         6d3       100%        6


Dungeon Overview and Level Annotations

Branches:
Dungeon (3/15)

Altars:


Innate Abilities, Weirdness & Mutations

You have a pair of small antennae on your head.
You regenerate a little health from kills.


Message History

The hobgoblin hits you but does no damage.
You finish putting on your +0 pair of boots.
You barely miss the hobgoblin.
The hobgoblin hits you but does no damage.
You hit the hobgoblin but do no damage. The hobgoblin barely misses you.
You thump the hobgoblin!
You kill the hobgoblin!
You see here a hobgoblin corpse.
You feel clever.
l - a +6 ring of intelligence (left hand)
A rat comes into view.
A rat is nearby!
The rat barely misses you.
You barely miss the rat. The rat bites you but does no damage.
You hit the rat but do no damage. The rat barely misses you.
You barely miss the rat. The rat bites you but does no damage.
You hit the rat.
You kill the rat!
No target in view!
No target in view!
No target in view!
No target in view!
No target in view!
No target in view!
No target in view!
No target in view!
No target in view!
No target in view!
b - 2 scrolls labelled MOTUFEMYOSCH (gained 1)
Found a stone staircase leading down.
h - 9 poisoned darts (gained 6)
Found a glowing ring mail.
No target in view!
You see here a +0 ring mail of poison resistance.
You see here a +0 ring mail of poison resistance.
There is a stone staircase leading down here.
You see here a +0 short sword.
There is a shaft here.
Found a stone staircase leading down.
Are you sure you want to abandon this character and quit the game? (Confirm with "yes".)

# #>####### #
##.......#.#
...........#
##@#.#
########^## .##
........## ##.#
########.###..#
##.#.#.#######
##.##<.......
#)##########
####.# #....#


There were no monsters in sight!

Vanquished Creatures
  4 adders
  A dart slug (D:3)
  An orc (D:3)
  4 ball pythons (D:1)
  5 endoplasms
  2 giant cockroaches
  6 goblins
  6 hobgoblins
  4 jackals
  3 quokkas (D:1)
  2 bats (D:1)
  2 frilled lizards
  9 kobolds
  4 rats
53 creatures vanquished.

Vanquished Creatures (others)
  7 fungi (D:2)
7 creatures vanquished.

Grand Total: 60 creatures vanquished

Notes
Turn   | Place    | Note
-------+----------+-------------------------------------------
     0 | D:1      | sammy202020 the Demonspawn Gladiator began the quest for
                  | the Orb.
     0 | D:1      | Reached XP level 1. HP: 16/16 MP: 1/1
   104 | D:1      | Gained mutation: You regenerate a little health from kills.
                  | [demonic ancestry]
   104 | D:1      | Reached XP level 2. HP: 14/22 MP: 2/2
   366 | D:1      | Reached skill level 1 in Armour
   416 | D:1      | Reached XP level 3. HP: 24/28 MP: 3/3
  1799 | D:2      | Gained mutation: You have a pair of small antennae on your
                  | head. [demonic ancestry]
  1799 | D:2      | Reached XP level 4. HP: 17/34 MP: 4/4
  2434 | D:3      | Quit the game

Illustrated notes

Levels and vault maps discovered:
D:1:      dpeg_arrival_short_road, layout_rooms
D:2:      layout_basic, dreamdust_mushroom_princess
D:3:      layout_loops_ring, shapermc_ecumenical_altar_petra,
          minmay_misc_feat_secret_circle

Skill      XL: |  1  2  3 |
---------------+----------+-----
Staves         | 3 |  3.4
Armour         | 1 |  1.7
Dodging        | 3 |  3.1
Fighting       | |  2.9
Throwing       | |  1.7

Action                   |  1- 3 |  4- 6 || total
-------------------------+-------+-------++-------
Melee: Quarterstaff      |   110 |    55 ||   165
Armor: Leather armour    |    11 |       ||    11
       Ring mail         |    40 |     2 ||    42
       Plate armour      |       |    48 ||    48
Dodge: Dodged            |    90 |    33 ||   123

Table legend: (Time is in decaauts)
 A = Elapsed time spent in this place.
 B = Non-inter-level travel time spent in this place.
 C = Inter-level travel time spent in this place.
 D = Time resting spent in this place.
 E = Time spent auto-exploring this place.
 F = Levels seen in this place.
 G = Mean time per level.
                   A        B        C        D        E       F      G
               +--------+--------+--------+--------+--------+-----+--------+
         Total |   2456 |   2456 |      0 |    337 |   1545 |   3 |  818.7 |
       Dungeon |   2456 |   2456 |      0 |    337 |   1545 |   3 |  818.7 |
               +--------+--------+--------+--------+--------+-----+--------+

Top non-repeatable levels by time:
     D:2: 1285 daAuts
     D:1: 711 daAuts
     D:3: 459 daAuts
